General information
- name: BNet
- type: Ladder team game (AT/RT)
- host: Battle.net
- saver: TheWhiteNoise
map: Mur'gulOasis
- players: 8
- length: 25:04
- speed: Fast
- version: 1.27 W3XP
- replay type: Public
» download(191 KB)
Players
team 1 (winner)
OdinTheOrc (
purple | 90 APM | 2256 actions | 25:04)
6 Blademaster
2 Wind Walk
3 Critical Strike
1 Bladestorm
5 Tauren Chieftain
2 War Stomp
3 Endurance Aura
» actions
| Assign group hotkey | 40 | |
| Basic commands | 4 | |
| Build / train | 67 | |
| Enter build submenu | 16 | |
| Enter hero's abilities submenu | 11 | |
| Give item / drop item | 1 | |
| Remove unit from queue | 1 | |
| Right click | 736 | |
| Select / deselect | 263 | |
| Select group hotkey | 1004 | |
| Use ability | 113 | |
2256 total
» units
| Peon | 9 | |
| Wind Rider | 12 | |
| Troll Batrider | 5 | |
26 total
» upgrades
» buildings
| Altar of Storms | 1 | |
| Orc Burrow | 5 | |
| Voodoo Lounge | 1 | |
| War Mill | 1 | |
| Stronghold | 1 | |
| Watch Tower | 2 | |
| Beastiary | 2 | |
| Great Hall | 3 | |
16 total
» build order
00:10 Altar of Storms
00:15 Orc Burrow
00:56 Voodoo Lounge
01:25 War Mill
02:48 Stronghold
02:51 Watch Tower
03:05 Orc Burrow
03:07 Orc Burrow
04:06 Orc Burrow
05:15 Beastiary
05:17 Beastiary
06:38 Watch Tower
13:26 Orc Burrow
23:01 Great Hall
23:18 Great Hall
24:21 Great Hall
» items
| Lesser Clarity Potion | 7 | |
| Healing Salve | 4 | |
| Scroll of Speed | 4 | |
| Scroll of Town Portal | 2 | |
| Potion of Healing | 4 | |
| Potion of Lesser Invulnerability | 1 | |
| Scroll of Healing | 1 | |
23 total

»
snakeplisken (
green | 48 APM | 1213 actions | 25:04)
5 Tauren Chieftain
3 Endurance Aura
2 War Stomp
» actions
| Assign group hotkey | 21 | |
| Basic commands | 107 | |
| Build / train | 65 | |
| Enter build submenu | 23 | |
| Enter hero's abilities submenu | 5 | |
| Remove unit from queue | 1 | |
| Right click | 573 | |
| Select / deselect | 201 | |
| Select group hotkey | 151 | |
| Use ability | 66 | |
1213 total
» units
| Peon | 4 | |
| Grunt | 18 | |
| Troll Headhunter/Berserker | 2 | |
| Tauren | 1 | |
| Demolisher | 3 | |
28 total
» upgrades
| Melee Weapons | 2 | |
| Pillage | 1 | |
| Berserker Strength | 1 | |
| Armor | 1 | |
| Reinforced Defenses | 1 | |
| Spiked Barricades | 2 | |
| Burning Oil | 1 | |
| Pulverize | 1 | |
| Ranged Weapons | 1 | |
11 total
» buildings
| Altar of Storms | 1 | |
| Orc Burrow | 9 | |
| Barracks | 2 | |
| Voodoo Lounge | 1 | |
| War Mill | 1 | |
| Watch Tower | 6 | |
| Stronghold | 2 | |
| Fortress | 1 | |
| Tauren Totem | 1 | |
24 total
» build order
00:10 Altar of Storms
00:12 Orc Burrow
00:29 Barracks
01:40 Orc Burrow
02:29 Voodoo Lounge
02:35 War Mill
03:18 Orc Burrow
04:52 Orc Burrow
05:04 Watch Tower
06:00 Watch Tower
08:56 Stronghold
08:57 Stronghold
09:09 Watch Tower
10:47 Watch Tower
11:34 Watch Tower
11:43 Orc Burrow
11:47 Barracks
12:17 Fortress
12:26 Watch Tower
16:42 Tauren Totem
17:22 Orc Burrow
17:59 Orc Burrow
22:10 Orc Burrow
24:13 Orc Burrow
» items
| Healing Salve | 5 | |
| Scroll of Speed | 5 | |
| Scroll of Town Portal | 3 | |
| Lesser Clarity Potion | 1 | |
14 total
TheWhiteNoise (
teal | 56 APM | 1412 actions | 25:04)
6 Blood Mage
3 Flame Strike
2 Siphon Mana
1 Summon Phoenix
» actions
| Assign group hotkey | 76 | |
| Basic commands | 23 | |
| Build / train | 76 | |
| Enter build submenu | 29 | |
| Enter hero's abilities submenu | 6 | |
| Give item / drop item | 3 | |
| Remove unit from queue | 1 | |
| Right click | 646 | |
| Select / deselect | 307 | |
| Select group hotkey | 123 | |
| Use ability | 121 | |
1412 total
» units
| Peasant | 13 | |
| Footman | 4 | |
| Sorceress | 4 | |
21 total
» upgrades
| Masonry | 2 | |
| Sorceress Training | 1 | |
| Lumber Harvesting | 1 | |
| Magic Sentry | 1 | |
5 total
» buildings
| Altar of Kings | 1 | |
| Barracks | 1 | |
| Farm | 7 | |
| Scout Tower | 16 | |
| Arcane Tower | 1 | |
| Lumber Mill | 1 | |
| Keep | 1 | |
| Guard Tower | 8 | |
| Arcane Vault | 2 | |
| Arcane Sanctum | 1 | |
| Castle | 1 | |
40 total
» build order
00:49 Altar of Kings
00:51 Barracks
00:53 Farm
00:54 Farm
01:06 Farm
01:37 Farm
02:07 Scout Tower
02:37 Arcane Tower
04:25 Lumber Mill
04:56 Scout Tower
04:58 Scout Tower
04:59 Scout Tower
05:15 Keep
05:33 Guard Tower
05:34 Guard Tower
05:35 Guard Tower
05:36 Guard Tower
06:59 Arcane Vault
07:04 Scout Tower
07:05 Scout Tower
07:34 Guard Tower
07:35 Guard Tower
07:49 Arcane Vault
08:46 Arcane Sanctum
12:08 Farm
12:10 Farm
12:24 Farm
19:58 Castle
20:22 Scout Tower
20:22 Scout Tower
20:22 Scout Tower
20:23 Scout Tower
20:23 Scout Tower
20:23 Scout Tower
20:24 Scout Tower
20:25 Scout Tower
20:25 Scout Tower
22:12 Guard Tower
24:24 Guard Tower
» items
| Scroll of Regeneration | 2 | |
| Lesser Clarity Potion | 5 | |
| Scroll of Town Portal | 6 | |
| Healing Salve | 4 | |
| Potion of Mana | 5 | |
| Boots of Speed | 1 | |
| Potion of Invisibility | 3 | |
| Staff of Teleportation | 1 | |
| Potion of Healing | 3 | |
30 total

»
WhipNNaeNae (
yellow | 47 APM | 1174 actions | 25:04)
6 Death Knight
3 Death Coil
2 Unholy Aura
1 Animate Dead
» actions
| Basic commands | 10 | |
| Build / train | 75 | |
| Enter build submenu | 19 | |
| Enter hero's abilities submenu | 6 | |
| Remove unit from queue | 3 | |
| Right click | 633 | |
| Select / deselect | 375 | |
| Use ability | 53 | |
1174 total
» units
| Acolyte | 2 | |
| Ghoul | 4 | |
| Crypt Fiend | 17 | |
| Frost Wyrm | 27 | |
50 total
» upgrades
| Creature Attack | 2 | |
| Creature Carapace | 3 | |
| Web | 1 | |
| Freezing Breath | 1 | |
7 total
» buildings
| Altar of Darkness | 1 | |
| Ziggurat | 8 | |
| Crypt | 1 | |
| Graveyard | 1 | |
| Nerubian Tower | 1 | |
| Spirit Tower | 2 | |
| Halls of the Dead | 2 | |
| Tomb of Relics | 1 | |
| Sacrificial Pit | 1 | |
| Black Citadel | 1 | |
| Boneyard | 2 | |
21 total
» build order
00:07 Altar of Darkness
00:08 Ziggurat
00:25 Crypt
01:03 Graveyard
01:17 Ziggurat
01:26 Nerubian Tower
02:07 Ziggurat
03:06 Spirit Tower
04:08 Halls of the Dead
04:08 Halls of the Dead
04:26 Tomb of Relics
06:02 Ziggurat
07:13 Sacrificial Pit
07:15 Black Citadel
07:16 Ziggurat
07:17 Ziggurat
10:20 Boneyard
10:21 Boneyard
19:33 Ziggurat
19:34 Ziggurat
20:35 Spirit Tower
» items
| Rod of Necromancy | 1 | |
| Scroll of Town Portal | 1 | |
| Scroll of Speed | 1 | |
3 total
team 2 (loser)
lM_Ml (
red | 116 APM | 2553 actions | 22:00)
5 Demon Hunter
3 Mana Burn
2 Evasion
4 Keeper of the Grove
2 Entangling Roots
2 Thorns Aura
» actions
| Assign group hotkey | 27 | |
| Basic commands | 388 | |
| Build / train | 94 | |
| ESC pressed | 1 | |
| Enter build submenu | 13 | |
| Enter hero's abilities submenu | 9 | |
| Give item / drop item | 4 | |
| Remove unit from queue | 1 | |
| Right click | 1100 | |
| Select / deselect | 446 | |
| Select group hotkey | 320 | |
| Use ability | 150 | |
2553 total
» units
| Wisp | 23 | |
| Huntress | 3 | |
| Dryad | 6 | |
| Druid of the Claw | 15 | |
47 total
» upgrades
| Ultravision | 1 | |
| Druid of the Claw Training | 2 | |
| Strength of the Wild | 2 | |
| Reinforced Hides | 2 | |
| Mark of the Claw | 1 | |
| Abolish Magic | 2 | |
10 total
» buildings
| Altar of Elders | 1 | |
| Moon Well | 5 | |
| Ancient of War | 1 | |
| Hunter's Hall | 1 | |
| Tree of Ages | 2 | |
| Ancient of Wonders | 2 | |
| Ancient of Lore | 2 | |
| Tree of Eternity | 1 | |
| Ancient of Wind | 1 | |
16 total
» build order
00:09 Altar of Elders
00:20 Moon Well
01:39 Ancient of War
01:44 Hunter's Hall
01:57 Moon Well
01:59 Moon Well
03:29 Tree of Ages
03:29 Tree of Ages
03:52 Moon Well
05:16 Moon Well
05:19 Ancient of Wonders
06:04 Ancient of Lore
07:05 Tree of Eternity
08:24 Ancient of Wonders
09:04 Ancient of Lore
09:15 Ancient of Wind
» items
| Boots of Speed | 3 | |
| Dust of Appearance | 2 | |
| Staff of Preservation | 1 | |
| Lesser Clarity Potion | 2 | |
| Orb of Venom | 2 | |
| Potion of Healing | 3 | |
| Anti-magic Potion | 1 | |
| Moonstone | 1 | |
| Potion of Lesser Invulnerability | 1 | |
16 total
P12ACTICE (
orange | 80 APM | 1781 actions | 22:21)
3 Death Knight
2 Death Coil
1 Unholy Aura
2 Lich
1 Frost Nova
1 Frost Armor
» actions
| Basic commands | 117 | |
| Build / train | 54 | |
| Enter build submenu | 23 | |
| Enter hero's abilities submenu | 5 | |
| Give item / drop item | 1 | |
| Remove unit from queue | 3 | |
| Right click | 1096 | |
| Select / deselect | 397 | |
| Use ability | 85 | |
1781 total
» units
| Acolyte | 2 | |
| Ghoul | 3 | |
| Crypt Fiend | 11 | |
| Obsidian Statue | 3 | |
19 total
» upgrades
| Burrow | 1 | |
| Web | 1 | |
| Destroyer Form | 1 | |
3 total
» buildings
| Crypt | 1 | |
| Graveyard | 1 | |
| Altar of Darkness | 1 | |
| Ziggurat | 5 | |
| Tomb of Relics | 1 | |
| Halls of the Dead | 3 | |
| Spirit Tower | 1 | |
| Black Citadel | 2 | |
| Sacrificial Pit | 1 | |
| Slaughterhouse | 1 | |
| Boneyard | 1 | |
18 total
» build order
00:23 Crypt
00:28 Graveyard
00:42 Altar of Darkness
00:57 Ziggurat
01:11 Tomb of Relics
02:08 Ziggurat
04:07 Halls of the Dead
04:27 Ziggurat
05:02 Spirit Tower
05:29 Ziggurat
07:19 Black Citadel
07:23 Sacrificial Pit
09:11 Slaughterhouse
12:23 Boneyard
16:16 Ziggurat
» items
| Rod of Necromancy | 5 | |
| Lesser Clarity Potion | 1 | |
| Scroll of Town Portal | 1 | |
7 total
gila16 (
pink | 31 APM | 785 actions | 25:03)
5 Death Knight
2 Death Coil
3 Unholy Aura
4 Lich
2 Frost Armor
2 Frost Nova
» actions
| Assign group hotkey | 22 | |
| Basic commands | 391 | |
| Build / train | 56 | |
| Enter build submenu | 13 | |
| Enter hero's abilities submenu | 9 | |
| Give item / drop item | 1 | |
| Right click | 27 | |
| Select / deselect | 129 | |
| Select group hotkey | 101 | |
| Use ability | 36 | |
785 total
» units
| Acolyte | 12 | |
| Ghoul | 4 | |
| Crypt Fiend | 12 | |
| Frost Wyrm | 5 | |
33 total
» upgrades
| Creature Attack | 2 | |
| Creature Carapace | 1 | |
| Web | 1 | |
4 total
» buildings
| Crypt | 1 | |
| Graveyard | 1 | |
| Ziggurat | 7 | |
| Altar of Darkness | 1 | |
| Halls of the Dead | 1 | |
| Black Citadel | 1 | |
| Sacrificial Pit | 1 | |
| Boneyard | 2 | |
| Tomb of Relics | 1 | |
| Nerubian Tower | 2 | |
| Spirit Tower | 2 | |
20 total
» build order
00:16 Crypt
00:20 Graveyard
00:30 Ziggurat
00:50 Altar of Darkness
01:14 Ziggurat
02:54 Ziggurat
04:07 Ziggurat
04:52 Halls of the Dead
07:19 Black Citadel
09:13 Sacrificial Pit
10:54 Boneyard
10:56 Boneyard
11:00 Tomb of Relics
11:03 Ziggurat
11:05 Ziggurat
11:06 Ziggurat
22:27 Nerubian Tower
22:30 Spirit Tower
22:32 Spirit Tower
22:33 Nerubian Tower
» items
| Scroll of Town Portal | 1 | |
| Orb of Corruption | 1 | |
2 total

»
Tribe (
blue | 48 APM | 1055 actions | 21:48)
2 Archmage
1 Blizzard
1 Brilliance Aura
» actions
| Assign group hotkey | 77 | |
| Build / train | 70 | |
| Enter build submenu | 29 | |
| Enter hero's abilities submenu | 3 | |
| Right click | 425 | |
| Select / deselect | 335 | |
| Select group hotkey | 48 | |
| Use ability | 68 | |
1055 total
» units
| Peasant | 7 | |
| Footman | 21 | |
| Priest | 5 | |
| Mortar Team | 2 | |
| Siege Engine | 5 | |
40 total
» upgrades
| Lumber Harvesting | 1 | |
| Defend | 1 | |
| Plating | 2 | |
| Masonry | 1 | |
| Priest Training | 2 | |
| Barrage | 1 | |
| Fragmentation Shards | 1 | |
9 total
» buildings
| Farm | 8 | |
| Altar of Kings | 1 | |
| Arcane Vault | 2 | |
| Barracks | 1 | |
| Scout Tower | 9 | |
| Arcane Tower | 1 | |
| Keep | 1 | |
| Lumber Mill | 1 | |
| Guard Tower | 5 | |
| Castle | 1 | |
| Blacksmith | 1 | |
| Arcane Sanctum | 1 | |
| Workshop | 2 | |
34 total
» build order
00:09 Farm
00:14 Altar of Kings
00:45 Arcane Vault
00:48 Arcane Vault
01:08 Farm
01:27 Barracks
01:51 Scout Tower
02:15 Farm
02:31 Arcane Tower
03:51 Keep
03:56 Scout Tower
04:22 Lumber Mill
05:28 Guard Tower
05:36 Farm
08:12 Castle
08:44 Blacksmith
09:10 Arcane Sanctum
09:39 Scout Tower
10:10 Guard Tower
10:14 Scout Tower
10:49 Guard Tower
10:52 Scout Tower
11:55 Guard Tower
12:18 Workshop
12:52 Farm
13:36 Farm
14:48 Workshop
19:30 Farm
19:32 Farm
19:46 Scout Tower
19:47 Scout Tower
20:06 Guard Tower
20:09 Scout Tower
20:14 Scout Tower
» items
| Scroll of Regeneration | 5 | |
| Lesser Clarity Potion | 1 | |
| Potion of Healing | 1 | |
| Scroll of Town Portal | 3 | |
10 total
Chat log
(00:17 / Allies) WhipNNaeNae: bonjour
(00:24 / Allies) TheWhiteNoise: guten tag
(00:38 / Allies) WhipNNaeNae: fiends frost herr
(00:45 / Allies) TheWhiteNoise: I'll feed ya
(00:50 / All) P12ACTICE: gl hf
(00:56 / Allies) WhipNNaeNae: units?
(02:26 / All) TheWhiteNoise: ITS GETTIN HOT IN HURR
(02:30 / All) TheWhiteNoise: SO TAKE OFF ALL YO CLOTHES
(03:17 / All) TheWhiteNoise: SHITTEET
(03:28 / All) TheWhiteNoise: fags
(03:53 / Allies) OdinTheOrc: grn
(04:04 / Allies) TheWhiteNoise: goldz
(04:12 / All) gila16: i'm next with teal!!
(04:20 / All) gila16: i want a turn too!
(04:50 / All) TheWhiteNoise: dumb noob
(05:00 / All) Tribe: haha 160
(05:18 / Allies) WhipNNaeNae: go teal
(05:45 / Allies) OdinTheOrc: will need a tp
(06:02 / Allies) OdinTheOrc: chk
(06:55 / Allies) TheWhiteNoise: i out
(07:59 / All) TheWhiteNoise: wOUDL U PLEASE FUCK OFF NOOB?
(08:05 / All) TheWhiteNoise: god you suck
(08:11 / All) TheWhiteNoise: just super annoyin
(08:29 / Allies) TheWhiteNoise: god I need fucking level 3
(08:49 / Allies) snakeplisken: b
(08:50 / Allies) snakeplisken: b
(09:00 / Allies) OdinTheOrc: go now
(09:25 / Allies) OdinTheOrc: teal tp
(09:42 / Allies) OdinTheOrc: tp all
(09:43 / Allies) TheWhiteNoise: hang on
(10:59 / Allies) TheWhiteNoise: dont chase
(11:14 / Allies) WhipNNaeNae: repair
(11:22 / Allies) OdinTheOrc: no fucking units teal?
(11:32 / All) TheWhiteNoise: I JUST POOOLED GOLD NO OF COURSE NOT RETARD
(12:49 / Allies) OdinTheOrc: turtoke green
(12:54 / Allies) OdinTheOrc: turtle
(13:28 / All) TheWhiteNoise: Wtf lol
(13:31 / All) TheWhiteNoise: did they nerf blood mage
(13:32 / Allies) OdinTheOrc: yellow push
(14:48 / Allies) WhipNNaeNae: i love when people hero tatrget lol
(15:55 / Allies) snakeplisken: im b
(15:58 / All) TheWhiteNoise: SUP GILA
(16:08 / All) TheWhiteNoise: takle your t urn
(16:31 / Allies) TheWhiteNoise: who nend gold
(16:41 / Allies) OdinTheOrc: me
(17:04 / Allies) OdinTheOrc: upgrade base armor green
(17:33 / Allies) OdinTheOrc: grabbing some bats
(17:34 / All) TheWhiteNoise: yep you need practice lol
(17:48 / All) TheWhiteNoise: raped
(17:48 / Allies) OdinTheOrc: gold teal
(18:06 / All) TheWhiteNoise: nice gold mine
(18:50 / Allies) WhipNNaeNae: and die
(19:02 / Allies) WhipNNaeNae: dead
(19:19 / Allies) WhipNNaeNae: tell me u got all of his acos
(19:21 / Allies) OdinTheOrc: come grn
(19:22 / Allies) TheWhiteNoise: all hit
(19:41 / All) TheWhiteNoise: sup blue
(19:47 / All) TheWhiteNoise: now THATs aan harass LOL
(19:50 / All) TheWhiteNoise: bitch
(20:25 / Allies) WhipNNaeNae: teal
(20:28 / Allies) WhipNNaeNae: can u build a tower in my base
(20:30 / Allies) WhipNNaeNae: need sentry
(20:36 / All) TheWhiteNoise: level 6 nice
(20:59 / Allies) OdinTheOrc: no tp
(21:00 / Allies) WhipNNaeNae: all tp to real
(21:07 / Allies) WhipNNaeNae: all go
(21:26 / All) TheWhiteNoise: purple selfihs ally
(22:02 / All) TheWhiteNoise: my friends miss you gila
(22:03 / All) WhipNNaeNae: noobs
(22:38 / All) OdinTheOrc: gg ladies
(23:07 / All) TheWhiteNoise: noobs never learn
(23:39 / All) gila16: i'm not newb..I'm just dumb
(23:44 / All) WhipNNaeNae: we can see that
(23:47 / All) TheWhiteNoise: same difference
(24:14 / All) WhipNNaeNae: rofl
(24:30 / All) OdinTheOrc: coming for u big boy
(24:34 / All) WhipNNaeNae: so bad
(24:45 / All) gila16: watch what I am going to do to that gfhoul
(24:55 / All) WhipNNaeNae: yeah i healed the shit out of it
(24:56 / All) WhipNNaeNae: Bahha